 Dungeon Crawl Stone Soup version 0.20-a0-1089-g3fde505 (console) character file.

1183 HarryHood the Skirmisher (level 8, -7/54 HPs)
             Began as a Gargoyle Berserker on Apr 28, 2017.
             Was an Elder of Trog.
             Mangled by crawlcharacter's ghost (9 damage)
             ... on level 6 of the Dungeon on May 3, 2017.
             The game lasted 00:16:09 (4140 turns).

HarryHood the Skirmisher (Gargoyle Berserker)       Turns: 4140, Time: 00:16:10

Health: -7/54      AC: 17    Str: 22    XL:     8   Next: 42%
Magic:  8/8        EV:  9    Int:  8    God:    Trog [****..]
Gold:   307        SH:  3    Dex: 10    Spells: 7/7 levels left

rFire    . . .     SeeInvis .   a - +0 flail
rCold    . . .     Gourm    .   s - +0 buckler
rNeg     + . .     Faith    .   l - +0 scale mail
rPois    ∞         Spirit   .   e - +1 helmet
rElec    +         Reflect  .   t - +1 cloak
rCorr    .         Harm     .   (no gloves)
MR       .....                  (no boots)
Stlth    ..........             (no amulet)
Regen    0.2/turn               (no ring)
MPRegen  0.2/turn               (no ring)

@: slowed, very slow
A: negative energy resistance 1, electricity resistance, unbreathing,
petrification resistance, rot immunity, AC +5
a: Berserk, Trog's Hand, Brothers in Arms, Burn Spellbooks, Renounce Religion


You were on level 6 of the Dungeon.
You worshipped Trog.
Trog was greatly pleased with you.
You were very hungry.

You visited 2 branches of the dungeon, and saw 7 of its levels.

You collected 307 gold pieces.

Inventory:

Hand Weapons
 a - a +0 flail (weapon)
Missiles
 n - 18 sling bullets
Armour
 e - a +1 helmet (worn)
 l - a +0 scale mail (worn)
 m - a +0 plate armour
 s - a +0 buckler (worn)
 t - a +1 cloak (worn)
Wands
 g - a wand of disintegration (24/24) {@V1}
Scrolls
 b - a scroll of recharging
 o - 2 scrolls of remove curse {@r1}
 p - a scroll of blinking {@r7}
 v - a scroll of teleportation {@r0}
Potions
 d - 4 potions of curing {@q2}
 f - 4 potions of agility
 i - 4 potions of heal wounds {@q1}
 k - a potion of brilliance
 q - a potion of mutation {!q}
 w - 2 potions of flight
Comestibles
 c - 3 bread rations {@e1}
 h - a meat ration {@e1}
 j - 2 royal jellies {@e3}
 u - a fruit {@e2}


   Skills:
 - Level 7.6 Fighting
 - Level 6.2 Maces & Flails
 * Level 5.9 Armour
 - Level 1.5 Dodging


You had 7 spell levels left.
You didn't know any spells.

Dungeon Overview and Level Annotations

Branches:
Dungeon (6/15)             Temple (1/1) D:4

Altars:
Dithmenos
Elyvilon
Fedhas
Hepliaklqana
Kikubaaqudgha
Makhleb
Okawaru
Qazlal
Ru
Sif Muna
Uskayaw
Xom
Yredelemnul
The Shining One

Annotations:
D:6 crawlcharacter's ghost, novice MiBe


Innate Abilities, Weirdness & Mutations

You are resistant to torment.
Your stone body is resilient. (AC +5)
You are immune to poison.
You resist negative energy. (rN+)
You are resistant to electric shocks. (rElec)
You can survive without breathing.
You are immune to petrification.
You are immune to rotting.


Message History

You closely miss crawlcharacter's ghost.
You closely miss crawlcharacter's ghost.
You are no longer berserk.
You are exhausted.
You feel yourself slow down. Crawlcharacter's ghost hits you!
* * * LOW HITPOINT WARNING * * *
x2 You now have 3/54 hp.
You hit crawlcharacter's ghost. Crawlcharacter's ghost hits you.
* * * LOW HITPOINT WARNING * * *
x2 Crawlcharacter's ghost hits you but does no damage.
You take 2 damage, and have 1/54 hp.
You hit crawlcharacter's ghost.
Crawlcharacter's ghost hits you but does no damage.
Crawlcharacter's ghost closely misses you.
Your scale mail prevents you from hitting crawlcharacter's ghost.
Crawlcharacter's ghost barely misses you.
You hit crawlcharacter's ghost but do no damage.
Crawlcharacter's ghost hits you!
You die...

#[. #.#
####..####.#
........##<#
#....[..#
#....####
#....# #....#
o#####....####
....!....oW@.#
.o######..##.#
#..# .# ....#
.# ###..# .#
...# .# ###.#
.# #.# ..


You could see crawlcharacter's ghost and an orc.

Vanquished Creatures
  Grinder (D:3)
  A water moccasin (D:5)
  A sky beast (D:5)
  An ice beast (D:5)
  A bullfrog (D:4)
  A howler monkey (D:6)
  2 hounds
  3 orc priests
  Crazy Yiuf (D:3)
  An orc wizard (D:5)
  Natasha (thrice) (D:3)
  2 iguanas
  A worker ant (D:5)
  Robin (D:3)
  8 gnolls
  2 adders
  An ooze (D:2)
  4 worms
  2 leopard geckos (D:4)
  14 orcs
  2 ball pythons
  8 bats
  4 giant cockroaches
  9 hobgoblins
  6 jackals
  A quokka (D:2)
  A frilled lizard (D:1)
  16 goblins
  6 kobolds
  A leopard gecko skeleton (D:5)
  2 quokka skeletons (D:4)
  11 rats
118 creatures vanquished.

Notes
Turn   | Place    | Note
-------+----------+-------------------------------------------
     0 | D:1      | HarryHood the Gargoyle Berserker began the quest for the Orb.
     0 | D:1      | Reached XP level 1. HP: 14/14 MP: 1/1
   216 | D:1      | Reached XP level 2. HP: 12/20 MP: 2/2
   402 | D:1      | Reached skill level 4 in Fighting
   625 | D:1      | Reached XP level 3. HP: 24/24 MP: 3/3
   850 | D:2      | Reached ** piety under Trog
   946 | D:2      | Reached skill level 5 in Fighting
  1272 | D:2      | Found a shimmering altar of Xom.
  1278 | D:2      | Found a shimmering altar of Xom.
  1278 | D:2      | Found a shimmering altar of Xom.
  1317 | D:2      | Reached XP level 4. HP: 30/31 MP: 4/4
  1378 | D:2      | Found an iron altar of Okawaru.
  1432 | D:2      | Found a shimmering altar of Xom.
  1434 | D:2      | Found a shimmering altar of Xom.
  1507 | D:2      | Found an ancient bone altar of Kikubaaqudgha.
  1767 | D:3      | Noticed Natasha
  1777 | D:3      | Killed Natasha
  1869 | D:3      | Noticed Grinder
  1872 | D:3      | Noticed Natasha
  1884 | D:3      | Killed Grinder
  1884 | D:3      | Reached skill level 7 in Fighting
  1884 | D:3      | Reached XP level 5. HP: 17/39 MP: 5/5
  1884 | D:3      | Reached XP level 6. HP: 19/44 MP: 6/6
  1888 | D:3      | Killed Natasha
  1901 | D:3      | Noticed Natasha
  2266 | D:3      | Found a runed door.
  2318 | D:3      | Noticed Robin
  2336 | D:3      | Killed Robin
  2364 | D:3      | Found a basalt altar of Yredelemnul.
  2417 | D:3      | Reached *** piety under Trog
  2463 | D:3      | Killed Natasha
  2463 | D:3      | Reached skill level 4 in Maces & Flails
  2578 | D:3      | Noticed Crazy Yiuf
  2593 | D:3      | Killed Crazy Yiuf
  2593 | D:3      | Reached XP level 7. HP: 18/48 MP: 7/7
  3026 | D:4      | Reached skill level 5 in Maces & Flails
  3226 | D:4      | Found a staircase to the Ecumenical Temple.
  3252 | D:4      | Found a stormy altar of Qazlal.
  3407 | Temple   | Entered the Ecumenical Temple
  3456 | D:5      | Entered Level 5 of the Dungeon
  3479 | D:5      | Reached skill level 6 in Maces & Flails
  3576 | D:5      | Reached skill level 3 in Armour
  3586 | D:5      | Reached XP level 8. HP: 54/54 MP: 8/8
  3677 | D:5      | Reached skill level 4 in Armour
  3821 | D:5      | Reached skill level 5 in Armour
  3893 | D:5      | Found a stormy altar of Qazlal.
  3924 | D:5      | Reached **** piety under Trog
  4107 | D:6      | Noticed crawlcharacter's ghost (novice MiBe)
  4109 | D:6      | Upgraded the game from 0.20-a0-1062-g7b787ac to 0.20-a0-1089-g3fde505
  4136 | D:6      | HP: 4/54 [crawlcharacter's ghost (12)]
  4137 | D:6      | HP: 1/54 [crawlcharacter's ghost (1)]
  4140 | D:6      | Mangled by crawlcharacter's ghost

Vault maps used:
D:1:      lemuel_arrival_cross
D:2:      marbit_many_paths, xom_redecorated, okawaru_gym_becter
D:3:      yredelemnul_altar_generic, uniq_robin, uniq_grinder, uniq_natasha,
          uniq_crazy_yiuf_cottage
D:4:      old_standard_altar, minmay_temple_entry_poolview, first_bread,
          serial_bayou_pond_a, grunt_decor_one_mirror
D:5:      basic_altar
D:6:      uniq_blork_the_orc, uniq_edmund, uniq_pikel
Temple:   nicolae_temple_great_sept

Skill      XL: |  1  2  3  4  5  6  7  8 |
---------------+-------------------------+-----
Fighting       | 4 5 7 |  7.6
Maces & Flails | 4 6 |  6.2
Armour         | 3 5 |  5.9
Dodging        | |  1.5

Action                   |  1- 3 |  4- 6 |  7- 9 || total
-------------------------+-------+-------+-------++-------
Melee: Mace              |   106 |   142 |     6 ||   254
       Flail             |       |       |   230 ||   230
Invok: Berserk           |       |     1 |     3 ||     4
  Use: Scroll            |     2 |     4 |    10 ||    16
  Eat: Chunk             |     1 |     5 |     7 ||    13
Armor: Animal skin       |    22 |       |       ||    22
       Leather armour    |    14 |       |       ||    14
       Scale mail        |    11 |   115 |   163 ||   289
Dodge: Dodged            |    75 |    95 |   134 ||   304
Block: Buckler           |       |     4 |    27 ||    31
